 Dungeon Crawl Stone Soup version 0.30-a0-54-g2e61a25929 (webtiles) character file.

Game seed: 2486923790779598105

70 jlumianski the Chopper (level 4, -11/34 HPs)
             Began as a Demonspawn Gladiator on Sept 9, 2022.
             Killed by divine providence
             ... invoked by an orc priest
              (14 damage)
             ... on level 2 of the Dungeon.
             The game lasted 00:05:38 (1842 turns).

jlumianski the Chopper (Demonspawn Gladiator)       Turns: 1842, Time: 00:05:38

Health: -11/34     AC:  9    Str: 16    XL:     4   Next: 3%
Magic:  4/4        EV: 12    Int: 10    God:
Gold:   97         SH:  0    Dex: 17    Spells: 3/3 levels left

rFire   . . .      SeeInvis .    a - +0 war axe
rCold   . . .      Faith    .    (no shield)
rNeg    . . .      Spirit   .    l - +4 ring mail of Sif Muna's Esteem {Harm Dex+3}
rPois   .          Reflect  .    (helmet restricted)
rElec   .          Harm     +    (no cloak)
rCorr   .          Rampage  .    (no gloves)
Will    .....                    (no boots)
Stlth   +.........               (no amulet)
HPRegen 0.11/turn                (no ring)
MPRegen 0.09/turn                (no ring)

@: no status effects
A: antennae 1
a: no special abilities


You were on level 2 of the Dungeon.
You visited 1 branch of the dungeon, and saw 3 of its levels.

You collected 97 gold pieces.

Inventory:

Hand Weapons
 a - a +0 war axe (weapon)
 h - a +4 whip
Missiles
 d - 3 throwing nets (quivered)
 e - a javelin
Armour
 b - a +0 leather armour
 c - a +0 helmet
 l - the +4 ring mail of Sif Muna's Esteem (worn) {Harm Dex+3}
   (You found it on level 2 of the Dungeon)

   Dex:       It affects your dexterity (+3).
   Harm:      It increases damage dealt and taken.
 n - a +0 chain mail
Scrolls
 f - a scroll of enchant armour {unknown}
 i - a scroll of noise {unknown}
 j - a scroll of identify {unknown}
 k - a scroll of enchant weapon {unknown}
 o - a scroll of magic mapping {unknown}
 p - a scroll of amnesia {unknown}
 s - a scroll of teleportation {unknown}
Potions
 g - 2 potions of attraction {unknown}
 m - a potion of haste {unknown}
 q - a potion of magic {unknown}
 r - a potion of ambrosia {unknown}
 t - a potion of mutation {unknown}


   Skills:
 + Level 2.4 Fighting
 + Level 3.3 Axes
 + Level 1.8 Throwing
 + Level 1.1 Armour
 + Level 3.3 Dodging
 + Level 0.4 Stealth


You had 3 spell levels left.
You didn't know any spells.
Your spell library contained the following spells:

 Spells                   Type           Power      Damage    Failure   Level
 Confusing Touch          Hex            0%         N/A       91%         3
 Yara's Violent Unravell  Hex/Tmut       0%         3d3       100%        5
 Enfeeble                 Hex            0%         N/A       100%        7


Dungeon Overview and Level Annotations

Branches:
Dungeon (3/15)

Altars:


Innate Abilities, Weirdness & Mutations

You have a pair of small antennae on your head.


Message History

The ball python constricts you.
You escape the ball python's grasp.
The ball python closely misses you. The ball python misses you.
You slash the ball python!
You kill the ball python!
You barely miss the worm. The worm barely misses you.
You slash the worm!
The worm is almost dead.
You slash the worm!
You kill the worm!
You have reached level 4!
You feel clever.
You open the door.
Found a stone staircase leading down.
Found 6 gold pieces.
There is a stone staircase leading down here.
You climb downwards.
The orc shouts!
The orc priest shouts! x2
Found 7 gold pieces.
There is a stone staircase leading up here.
The orc priest invokes the aid of Beogh against you.
Beogh smites you!
The orc priest calls down the wrath of Beogh upon you.
Beogh smites you!
* * * LOW HITPOINT WARNING * * *
The orc misses you.
You climb upwards.
There is a stone staircase leading down here.
Okay, then.
You hit the orc priest.
The orc priest is heavily wounded.
You closely miss the orc. The orc hits you with a +0 flail.
* * * LOW HITPOINT WARNING * * *
The orc priest hits you but does no damage.
You closely miss the orc priest.
The orc priest is heavily wounded.
You closely miss the orc. The orc closely misses you.
The orc priest mumbles some strange prayers to Beogh against you.
Beogh smites you!
You die...

#.# #.# #.# #.# #.# #.#
..$####o# ......o@#
...####.# ####.# #.#
.....# #.# .....# #.#
##.#.# #.# ..##.# #.#
.##..# #.#
#....###########.#######


You could see an orc priest and an orc.

Vanquished Creatures
  3 gnolls
  2 worms
  A dart slug (D:1)
  3 endoplasms
  2 giant cockroaches (D:1)
  3 goblins (D:1)
  2 hobgoblins (D:1)
  A kobold (D:1)
  3 quokkas
  5 ball pythons
  4 bats (D:1)
  2 frilled lizards
  2 rats (D:1)
33 creatures vanquished.

Notes
Turn   | Place    | Note
-------+----------+-------------------------------------------
     0 | D:1      | jlumianski the Demonspawn Gladiator began the quest for the
                  | Orb.
     0 | D:1      | Reached XP level 1. HP: 16/16 MP: 1/1
    77 | D:1      | Gained mutation: You have a pair of small antennae on your
                  | head. [demonic ancestry]
    77 | D:1      | Reached XP level 2. HP: 5/22 MP: 2/2
   704 | D:2      | Identified the +4 ring mail of Sif Muna's Esteem {Harm
                  | Dex+3}
   735 | D:1      | Found a faded altar of an unknown god.
  1148 | D:1      | Reached XP level 3. HP: 27/27 MP: 3/3
  1455 | D:2      | Reached skill level 1 in Armour
  1799 | D:2      | Reached XP level 4. HP: 34/34 MP: 4/4
  1842 | D:2      | Killed from afar by an orc priest

Illustrated notes

Levels and vault maps discovered:
D:1:      dpeg_arrival_radiant, layout_rooms, chequers_ecumenical_altar_simple,
          minmay_misc_feat_diagonals
D:2:      layout_basic, minmay_misc_feat_square, kennysheep_generic_room_9
D:3:      layout_loops_ring, ebering_ghost_sewer_f, grunt_ministairs_12,
          uniq_natasha

Skill      XL: |  1  2  3 |
---------------+----------+-----
Axes           | 3 |  3.3
Dodging        | 3 |  3.3
Armour         | 1 |  1.1
Fighting       | |  2.4
Throwing       | |  1.8
Stealth        | |  0.4

Action                   |  1- 3 |  4- 6 || total
-------------------------+-------+-------++-------
Melee: War axe           |   102 |     2 ||   104
       Punch             |     1 |       ||     1
 Stab: Sleeping          |     1 |       ||     1
Armor: Leather armour    |    25 |       ||    25
       Ring mail         |    16 |     1 ||    17
Dodge: Dodged            |    74 |     2 ||    76

Table legend: (Time is in decaauts)
 A = Elapsed time spent in this place.
 B = Non-inter-level travel time spent in this place.
 C = Inter-level travel time spent in this place.
 D = Time resting spent in this place.
 E = Time spent auto-exploring this place.
 F = Levels seen in this place.
 G = Mean time per level.
                   A        B        C        D        E       F      G
               +--------+--------+--------+--------+--------+-----+--------+
         Total |   1882 |   1882 |      0 |    364 |    950 |   3 |  627.3 |
       Dungeon |   1882 |   1882 |      0 |    364 |    950 |   3 |  627.3 |
               +--------+--------+--------+--------+--------+-----+--------+

Top non-repeatable levels by time:
     D:1: 1211 daAuts
     D:2: 668 daAuts
     D:3: 1 daAuts
